 Dungeon Crawl Stone Soup version 0.21.1-1-g345015f (webtiles) character file.

5 tdicelander the Magician (level 1, 0/14 HPs)
             Began as a Draconian Wizard on June 4, 2018.
             Slain by a goblin
             ... wielding a +0 dagger
              (2 damage)
             ... on level 1 of the Dungeon.
             The game lasted 00:01:49 (379 turns).

tdicelander the Magician (Draconian Wizard)          Turns: 379, Time: 00:01:49

Health: 0/14       AC:  4    Str:  9    XL:     1   Next: 66%
Magic:  3/4        EV: 12    Int: 18    God:
Gold:   0          SH:  0    Dex:  9    Spells: 5/6 levels left

rFire    . . .     SeeInvis .   e - +0 club
rCold    . . .     Gourm    .   (no shield)
rNeg     . . .     Faith    .   (armour unavailable)
rPois    .         Spirit   .   a - +0 hat
rElec    .         Reflect  .   (no cloak)
rCorr    .         Harm     .   (no gloves)
MR       .....                  (no boots)
Stlth    ++........             (no amulet)
HPRegen  0.04/turn              (no ring)
MPRegen  0.09/turn              (no ring)

@: no status effects
A: unfitting armour, cold-blooded, AC +4
a: no special abilities


You were on level 1 of the Dungeon.
You were not hungry.

You visited 1 branch of the dungeon, and saw 1 of its levels.

Inventory:

Hand Weapons
 e - a +0 club (weapon)
 g - a +0 dagger
Missiles
 d - 16 stones (quivered)
Armour
 a - a +0 hat (worn)
 f - a +0 chain mail
Scrolls
 i - a scroll of identify {unknown}
Potions
 h - a potion of magic {unknown}
Books
 b - a book of Minor Magic

   Spells                             Type                      Level
   a - Magic Dart                     Conjuration                  1
   b - Blink                          Translocation                2
   c - Call Imp                       Summoning                    2
   d - Slow                           Hexes                        2
   e - Conjure Flame                  Conjuration/Fire             3
   f - Mephitic Cloud                 Conjuration/Poison/Air       3
Comestibles
 c - a ration


   Skills:
 + Level 1.7 Dodging
 + Level 1.7 Stealth
 + Level 3.3 Spellcasting
 + Level 1.0 Conjurations
   Level 1.0 Summonings
   Level 1.0 Translocations


You had 5 spell levels left.
You knew the following spells:

 Your Spells              Type           Power        Failure   Level  Hunger
a - Magic Dart            Conj           #...         11%         1    None


Dungeon Overview and Level Annotations

Branches:
Dungeon (1/15)

Altars:


Innate Abilities, Weirdness & Mutations

Your plain brown scales are hard. (AC +4)
You cannot fit into any form of body armour.
You are cold-blooded and may be slowed by cold attacks.


Message History

The goblin hits you but does no damage. The goblin hits you but does no damage.
You see here a hobgoblin corpse.
You barely miss the goblin. The goblin hits you but does no damage.
You barely miss the goblin.
Your tail-slap misses the goblin.
The goblin hits you but does no damage.
You barely miss the goblin. The goblin barely misses you.
The goblin hits you with a dagger.
You closely miss the goblin. The goblin hits you but does no damage.
You hit the goblin but do no damage.
Your tail-slap misses the goblin.
The goblin hits you with a dagger.
* * * LOW HITPOINT WARNING * * *
You completely miss the goblin. The goblin misses you.
The goblin closely misses you.
You barely miss the goblin. The goblin barely misses you.
You barely miss the goblin. The goblin hits you with a dagger.
* * * LOW HITPOINT WARNING * * *
You barely miss the goblin.
Your tail-slap misses the goblin.
The goblin hits you but does no damage. The goblin hits you with a dagger.
You die...

#...#######.####### #...###
#.......... #.....#
#.#.####### #.#.#.# #.#.#
#.#.#.# #.#.# # #.#.#.###'#.#
.# #.#.#.#.....# .%#
#.#.#.#.....############...###
#.#...+....gg@.........'......
#.#.#.#.....############....##
####.#.#.#.......... ...#
.....#.#.#.......... ..#
####.#.#.#........... .#
#....#.#.#........... #
#....#.#.....#.#.....
######>........+....$
...............# ..(


You could see 2 goblins.

Vanquished Creatures
  A giant cockroach (D:1)
  A hobgoblin (D:1)
  2 kobolds (D:1)
4 creatures vanquished.

Notes
Turn   | Place    | Note
-------+----------+-------------------------------------------
     0 | D:1      | tdicelander the Draconian Wizard began the quest for the Orb.
     0 | D:1      | Reached XP level 1. HP: 14/14 MP: 4/4
     4 | D:1      | Noticed a merfolk
     4 | D:1      | Noticed a draconian
     6 | D:1      | Noticed a centaur
     8 | D:1      | Noticed a dwarf
    10 | D:1      | Noticed a gargoyle
    10 | D:1      | Noticed a tengu
    12 | D:1      | Noticed a formicid
    12 | D:1      | Noticed a troll
    14 | D:1      | Noticed a naga
    14 | D:1      | Noticed a minotaur
    16 | D:1      | Noticed an ogre
    16 | D:1      | Noticed a ghoul
    18 | D:1      | Noticed a human
    18 | D:1      | Noticed an octopode
    20 | D:1      | Noticed a vampire
    22 | D:1      | Noticed a vine stalker
    22 | D:1      | Noticed a spriggan
    24 | D:1      | Noticed an elf
    24 | D:1      | Noticed a felid
    26 | D:1      | Noticed a halfling
    28 | D:1      | Noticed a demigod
    28 | D:1      | Noticed a demonspawn
   379 | D:1      | Slain by a goblin

Action                   || total
-------------------------++-------
Melee: Club              ||    33
       Tailslap          ||     3
 Cast: Magic Dart        ||    10
Armor: Skin              ||     9
Dodge: Dodged            ||    26
